 Dungeon Crawl Stone Soup version 0.29-a0-834-g1e95ca9f62 (webtiles) character file.

Game seed: 15389985634894113590

6913 MrPoopyBoutHole the Protected (level 10, -1/93 HPs)
             Began as a Minotaur Fighter on June 30, 2022.
             Was an Elder of Nemelex Xobeh.
             Slain by a red devil
             ... wielding a +0 trident
             ... summoned by Frances
              (12 damage)
             ... on level 12 of the Dungeon on July 12, 2022.
             The game lasted 00:57:02 (14102 turns).

MrPoopyBoutHole the Protected (Minotaur Fighter)   Turns: 14102, Time: 00:57:02

Health: -1/93      AC: 22    Str: 24    XL:     10   Next: 79%
Magic:  9/9        EV:  9    Int:  5    God:    Nemelex Xobeh [****..]
Gold:   282        SH:  0    Dex: 17    Spells: 9/9 levels left

rFire   . . .      SeeInvis .   X - +0 battleaxe
rCold   . . .      Faith    .   (shield currently unavailable)
rNeg    . . .      Spirit   .   U - +0 plate armour
rPois   .          Reflect  .   (helmet restricted)
rElec   .          Harm     .   v - +0 cloak
rCorr   .          Rampage  .   Y - +2 pair of gloves
Will    .....                   j - +0 pair of boots
Stlth   ..........              (no amulet)
HPRegen 0.25/turn               s - +6 ring of dexterity
MPRegen 0.11/turn               b - +4 ring of slaying

@: no status effects
A: horns 2, retaliatory headbutt
a: Renounce Religion, Draw Escape, Draw Destruction, Draw Summoning, Triple
Draw, Deal Four


You were on level 12 of the Dungeon.
You worshipped Nemelex Xobeh.
Nemelex Xobeh was greatly pleased with you.
You visited 2 branches of the dungeon, and saw 13 of its levels.

You collected 477 gold pieces.
You spent 195 gold pieces at shops.

Inventory:

Hand Weapons
 a - a +0 war axe
 y - a +0 longbow
 H - a +0 shortbow
 I - a +0 hand axe of venom
 J - a +0 flail of protection
 P - a +0 glaive
 V - a +0 trident of flaming
 X - a +0 battleaxe (weapon)
Missiles
 k - 32 poisoned darts (quivered)
 G - 10 boomerangs
 S - 2 curare-tipped darts
Armour
 c - a +0 buckler
 j - a +0 pair of boots (worn)
 v - a +0 cloak (worn)
 U - a +0 plate armour (worn)
 Y - a +2 pair of gloves (worn)
Jewellery
 b - a +4 ring of slaying (right hand)
 s - a +6 ring of dexterity (left hand)
Wands
 w - a wand of iceblast (11)
 N - a wand of digging (8)
 Q - a wand of paralysis (7)
Scrolls
 f - 3 scrolls of vulnerability
 g - 2 scrolls of noise {unknown}
 h - a scroll of enchant weapon {unknown}
 i - 6 scrolls of identify
 m - 3 scrolls of poison
 q - a scroll of torment {unknown}
 r - 4 scrolls of immolation
 t - a scroll of enchant armour {unknown}
 u - a scroll of fear {unknown}
 x - 2 scrolls of fog
 K - 2 scrolls of brand weapon
 L - a scroll of magic mapping {unknown}
 M - a scroll of summoning
 Z - 3 scrolls of blinking
Potions
 d - 2 potions of flight
 e - a potion of lignification {unknown}
 l - a potion of brilliance {unknown}
 n - a potion of resistance {unknown}
 o - 5 potions of curing
 p - a potion of degeneration {unknown}
 z - 5 potions of heal wounds
 A - a potion of invisibility
 B - a potion of berserk rage
 D - a potion of haste {unknown}
 E - 2 potions of attraction {unknown}
 F - a potion of might
 R - a potion of experience {unknown}
Miscellaneous
 W - a phantom mirror


   Skills:
 * Level 10.3 Fighting
 + Level 6.6(8.5) Axes
 + Level 8.3(9.3) Maces & Flails
 * Level 13.2 Armour
 + Level 2.6 Dodging
 + Level 0.8 Stealth
 + Level 5.4 Shields
 + Level 0.3 Evocations


You had 9 spell levels left.
You didn't know any spells.
Your spell library contained the following spells:

 Spells                   Type           Power      Damage    Failure   Level
 Apportation              Tloc           0%         N/A       99%         1
 Freeze                   Ice            0%         1d3       99%         1
 Ensorcelled Hibernation  Hex/Ice        0%         N/A       100%        2
 Passwall                 Tmut/Erth      0%         N/A       100%        2
 Sublimation of Blood     Necr           0%         N/A       100%        2
 Gell's Gravitas          Tloc           0%         N/A       100%        3
 Lesser Beckoning         Tloc           0%         N/A       100%        3
 Spider Form              Tmut/Pois      0%         N/A       100%        3
 Stone Arrow              Conj/Erth      0%         3d7       100%        3
 Teleport Other           Tloc           0%         N/A       100%        3
 Anguish                  Hex/Necr       0%         N/A       100%        4
 Animate Armour           Summ/Erth      0%         N/A       100%        4
 Olgreb's Toxic Radiance  Pois           0%         N/A       100%        4
 Summon Ice Beast         Ice/Summ       0%         N/A       100%        4
 Fireball                 Conj/Fire      0%         3d3       100%        5
 Dispersal                Tloc           0%         N/A       100%        6
 Starburst                Conj/Fire      0%         6d3       100%        6
 Ozocubu's Refrigeration  Ice            0%         4d5       100%        7
 Disjunction              Tloc           0%         N/A       100%        8
 Ignition                 Fire           0%         3d3       100%        8
 Lehudib's Crystal Spear  Conj/Erth      0%         10d2      100%        8


Dungeon Overview and Level Annotations

Branches:
Dungeon (12/15)            Temple (1/1) D:5            Lair (0/6) D:10
    Orc (0/2) D:12

Altars:
Ashenzari
Cheibriados
Dithmenos
Elyvilon
Fedhas
Gozag
Hepliaklqana
Kikubaaqudgha
Makhleb
Nemelex Xobeh
Okawaru
Qazlal
Ru
Sif Muna
Trog
Uskayaw
Vehumet
Wu Jian
Xom
Yredelemnul
Zin
The Shining One

Shops:
D:10 (

Annotations:
D:4 Edmund
D:8 valliere's ghost, novice SpCj
D:12 Frances


Innate Abilities, Weirdness & Mutations

You have a pair of horns on your head.
You reflexively headbutt those who attack you in melee.


Message History

Press: ? - help, Q - select action, (/) - cycle Shift-Dir - straight line, f/p - Frances
Aim: Frances, wielding a +0 battleaxe and wearing a +2 scale mail of positive energy (poison gas, lightly wounded, fast, extremely poisoned, chance to affect: 2%)
The sixfirhy resists with almost no effort.
The sixfirhy is engulfed in poison gas.
The sixfirhy looks as sick as possible! x2
The sixfirhy is engulfed in poison gas.
The sixfirhy looks as sick as possible!
The sixfirhy hits you. The sixfirhy shocks you!
The sixfirhy is engulfed in poison gas.
The sixfirhy looks as sick as possible!
The sixfirhy completely misses you.
Frances is engulfed in poison gas.
Frances looks as sick as possible!
The sixfirhy is engulfed in poison gas.
The sixfirhy looks as sick as possible!
The sixfirhy hits you but does no damage.
Frances looks as sick as possible!
You barely miss Frances. You headbutt Frances!
Frances is moderately wounded.
You barely miss the sixfirhy.
The sixfirhy is engulfed in poison gas.
The sixfirhy looks as sick as possible!
The sixfirhy hits you but does no damage.
The sixfirhy is engulfed in poison gas.
The sixfirhy looks as sick as possible!
The sixfirhy completely misses you.
The sixfirhy looks as sick as possible!
The sixfirhy hits you. The sixfirhy shocks you!
The sixfirhy looks as sick as possible!
The sixfirhy hits you. The sixfirhy shocks you!
Frances is engulfed in poison gas.
Frances looks as sick as possible!
Frances hits you but does no damage.
The sixfirhy looks as sick as possible!
Frances is engulfed in poison gas.
Frances looks as sick as possible!
Frances says, "Even the Halls of Hell could not contain me."
Frances whispers indecipherable words.
The iron shot hits you!!!
* * * LOW HITPOINT WARNING * * *
You feel much better.
The sixfirhy is engulfed in poison gas.
The sixfirhy looks as sick as possible!
The sixfirhy is engulfed in poison gas.
The sixfirhy looks as sick as possible!
The sixfirhy is engulfed in poison gas.
The sixfirhy looks as sick as possible!
The sixfirhy is engulfed in poison gas.
The sixfirhy looks as sick as possible!
The sixfirhy is engulfed in poison gas.
The sixfirhy looks as sick as possible! x2; Frances is engulfed in poison gas.
Frances looks as sick as possible!
Frances hits you with a +0 battleaxe!
* * * LOW HITPOINT WARNING * * *
The red devil hits you from afar with a +0 trident!
You die...
Your body glows with a rainbow of weird colours and disappears.

§○§§( §°☼° #. #§☼§#
#.##○3§## ..☼°§☼°
### ##4§§## ..#
##3@○§§## ####.#
##§@§☼§○☼## ##.##.#
#§§§§§°☼☼§####...#.#
+§§§§☼☼°§§§.........
#°§§§°○☼☼§####...#.#
##§§§§§°§## ##.....
##°☼☼§○## ##.#.#
##☼§§## #.#.# ##+##
#>#.#.# #..^...


You could see Frances (fast, extremely poisoned), a sixfirhy (summoned,
extremely poisoned), a smoke demon (summoned) and a red devil (summoned).

Vanquished Creatures
  A two-headed ogre (D:10)
  A cyclops (D:11)
  A kobold demonologist (D:10)
  A komodo dragon (D:10)
  A troll (D:8)
  6 yaks (D:10)
  A wraith (D:10)
  A ynoxinul (D:8)
  A shadow (D:10)
  3 steam dragons
  Grum (D:11)
  4 orc warriors
  2 sky beasts (D:6)
  2 black bears (D:6)
  An ogre (D:7)
  3 ice beasts
  2 wolves
  A centaur (D:9)
  2 kobold brigands
  Blork the orc (D:4)
  4 necrophages
  2 bullfrogs
  4 scorpions
  6 killer bees (D:7)
  2 howler monkeys
  3 hounds (D:7)
  5 orc priests
  2 iguanas
  Terence (D:2)
  Natasha (thrice) (D:2)
  11 orc wizards
  3 gnolls (D:4)
  2 white imps
  2 worms
  3 dart slugs
  41 orcs
  6 bats
  6 endoplasms
  2 giant cockroaches
  7 goblins
  7 hobgoblins
  2 quokkas
  6 ball pythons
  3 frilled lizards
  16 kobolds
  6 rats
191 creatures vanquished.

Vanquished Creatures (others)
  A wizard (D:10)
  4 fungi (D:1)
5 creatures vanquished.

Grand Total: 196 creatures vanquished

Notes
Turn   | Place    | Note
-------+----------+-------------------------------------------
     0 | D:1      | MrPoopyBoutHole the Minotaur Fighter began the quest for
                  | the Orb.
     0 | D:1      | Reached XP level 1. HP: 19/19 MP: 0/0
    54 | D:1      | Reached XP level 2. HP: 23/27 MP: 1/1
   128 | D:1      | Reached skill level 4 in Armour
   154 | D:1      | Upgraded the game from 0.29-a0-732-g3d7fbe0af2 to
                  | 0.29-a0-757-g358383bc75
   602 | D:1      | Reached XP level 3. HP: 25/33 MP: 2/2
  1317 | D:2      | Noticed Natasha
  1320 | D:2      | Killed Natasha
  1403 | D:2      | Noticed Terence
  1424 | D:2      | Killed Terence
  1425 | D:2      | Reached XP level 4. HP: 28/40 MP: 3/3
  1552 | D:2      | Noticed Natasha
  1560 | D:2      | Killed Natasha
  1720 | D:2      | Noticed Natasha
  1731 | D:2      | Killed Natasha
  1732 | D:2      | Reached skill level 5 in Armour
  1732 | D:2      | Reached XP level 5. HP: 34/47 MP: 4/4
  3117 | D:4      | Got the Disquisition on the Frigorific Compass
  3213 | D:4      | Reached skill level 1 in Dodging
  3360 | D:4      | Noticed Blork the orc
  3379 | D:4      | Killed Blork the orc
  3380 | D:4      | Reached XP level 6. HP: 55/55 MP: 5/5
  3508 | D:4      | Reached skill level 6 in Armour
  3932 | D:4      | Reached skill level 5 in Axes
  3994 | D:4      | Noticed Edmund
  4012 | D:5      | Entered Level 5 of the Dungeon
  4083 | D:5      | Reached skill level 5 in Fighting
  4140 | D:5      | Found an ornate altar of the Wu Jian Council.
  4212 | D:5      | Noticed an ice beast
  4224 | D:5      | Killed an ice beast
  4225 | D:5      | Reached XP level 7. HP: 61/61 MP: 6/6
  4318 | D:5      | Reached skill level 1 in Maces & Flails
  4489 | D:5      | Reached skill level 7 in Armour
  4740 | D:5      | Found a staircase to the Ecumenical Temple.
  4856 | Temple   | Entered the Ecumenical Temple
  4990 | Temple   | Became a worshipper of Nemelex Xobeh the Trickster
  5179 | D:6      | Reached XP level 8. HP: 47/70 MP: 7/7
  5327 | D:6      | Reached skill level 8 in Armour
  6100 | D:6      | Reached skill level 9 in Armour
  6586 | D:6      | Reached * piety under Nemelex Xobeh
  7031 | D:7      | Reached skill level 10 in Armour
  7059 | D:7      | Reached skill level 5 in Maces & Flails
  7071 | D:7      | Reached XP level 9. HP: 36/78 MP: 8/8
  7322 | D:7      | Upgraded the game from 0.29-a0-757-g358383bc75 to
                  | 0.29-a0-824-gd827844252
  8534 | D:8      | Reached skill level 11 in Armour
  8645 | D:8      | Found a shimmering blue altar of Sif Muna.
  8648 | D:8      | Noticed a troll
  8661 | D:8      | Killed a troll
  8799 | D:8      | Got Sif Muna's Parchment of Sinister Rituals and Earth
  8806 | D:8      | Found a bloodstained altar of Trog.
  8835 | D:8      | Found a white marble altar of Elyvilon.
  8975 | D:8      | Found a runed translucent gate.
  8975 | D:8      | Found a runed translucent gate.
  8976 | D:8      | Found a runed translucent gate.
  8976 | D:8      | Received a gift from Nemelex Xobeh
  8978 | D:8      | Noticed valliere's ghost (novice SpCj)
  9289 | D:9      | Found an ancient bone altar of Kikubaaqudgha.
  9293 | D:9      | Found a basalt altar of Yredelemnul.
  9293 | D:9      | Found a glowing silver altar of Zin.
  9294 | D:9      | Found a snail-covered altar of Cheibriados.
  9378 | D:9      | Reached skill level 5 in Shields
  9634 | D:9      | Reached ** piety under Nemelex Xobeh
 10018 | D:9      | Received a gift from Nemelex Xobeh
 10433 | D:10     | Entered Level 10 of the Dungeon
 10471 | D:10     | Reached *** piety under Nemelex Xobeh
 10491 | D:10     | Found a staircase to the Lair.
 10560 | D:10     | Noticed a komodo dragon
 10571 | D:10     | Killed a komodo dragon
 10572 | D:10     | Reached XP level 10. HP: 71/88 MP: 9/9
 10716 | D:10     | Found Dousot's Antique Weapon Shoppe.
 10720 | D:10     | Bought a battleaxe for 195 gold pieces
 10888 | D:10     | Noticed a two-headed ogre
 10910 | D:10     | Killed a two-headed ogre
 10911 | D:10     | Reached skill level 12 in Armour
 11235 | D:10     | Received a gift from Nemelex Xobeh
 11799 | D:10     | Noticed a wizard
 11821 | D:10     | Killed a wizard
 12769 | D:11     | Noticed Grum
 13070 | D:10     | Reached skill level 10 in Fighting
 13262 | D:11     | Killed Grum
 13263 | D:11     | Reached skill level 13 in Armour
 13344 | D:11     | Noticed a cyclops
 13368 | D:11     | Killed a cyclops
 13701 | D:11     | Reached **** piety under Nemelex Xobeh
 13937 | D:10     | Upgraded the game from 0.29-a0-824-gd827844252 to
                  | 0.29-a0-834-g1e95ca9f62
 14055 | D:12     | Found a staircase to the Orcish Mines.
 14093 | D:12     | Noticed Frances
 14098 | D:12     | Noticed a smoke demon
 14099 | D:12     | Noticed a sixfirhy
 14102 | D:12     | Slain by a red devil

Illustrated notes

Levels and vault maps discovered:
D:1:      dpeg_arrival_refuge, layout_basic, dreamdust_mushroom_princess,
          kennysheep_small_spiral, serial_bayou_lagoon_a, minmay_door_square
D:2:      layout_loops_ring, uniq_terence, uniq_natasha
D:3:      layout_basic, minmay_fractal_squares_gapless_5
D:4:      layout_loops_ring, chequers_decorated_corner, uniq_edmund,
          uniq_blork_the_orc
D:5:      layout_basic, nicolae_wu_jian_wuxing_cycle,
          minmay_temple_entry_antechambers
D:6:      black_bear_nest_2, layout_basic, serial_corexii_hall,
          corexii_hall_statues_s, chequers_hall_statues_y,
          corexii_hall_statues_deadend, corexii_hall_statues_x,
          hangedman_abyss_or_decor_slice
D:7:      layout_basic, kennysheep_minor_cross
D:8:      layout_loops_corners, nzn_overflow_gifts_of_might_and_magic,
          old_standard_altar, serial_shops, nicolae_shop_window_shopping,
          gammafunk_ghost_necromancy
D:9:      layout_basic, grunt_temple_overflow_open
D:10:     layout_stronghold, lair_entry_dummy, serial_shops, kennysheep_mini,
          minmay_librarian
D:11:     layout_basic, kennysheep_generic_room_11, uniq_grum
D:12:     layout_loops_corners, orc_0_dummy, uniq_frances, uniq_rupert,
          uniq_josephine
Temple:   compressed_dpeg_circular_temple

Skill      XL: |  1  2  3  4  5  6  7  8  9 10 |
---------------+-------------------------------+-----
Armour         | 4 5 6 7 10 11 13 | 13.2
Fighting       | 4 5 6 8 10 | 10.3
Axes           | 3 4 5 6 |  6.6
Shields        | 4 5 |  5.4
Dodging        | 1 2 |  2.6
Maces & Flails | 3 5 7 8 |  8.3
Stealth        | |  0.8
Evocations     | |  0.3

Action                   |  1- 3 |  4- 6 |  7- 9 | 10-12 || total
-------------------------+-------+-------+-------+-------++-------
Melee: War axe           |    83 |   124 |       |       ||   207
       Headbutt          |     8 |    15 |    55 |    11 ||    89
       Flail             |       |    19 |   302 |       ||   321
       Trident           |       |       |    25 |    52 ||    77
       Battleaxe         |       |       |       |    26 ||    26
 Fire: Longbow           |       |     9 |       |       ||     9
Throw: Stone             |       |       |     1 |       ||     1
       Dart              |       |       |       |     5 ||     5
Invok: Draw Escape       |       |       |       |     3 ||     3
       Draw Destruction  |       |       |       |     1 ||     1
       Draw Summoning    |       |       |       |     1 ||     1
Evoke: Wand              |       |       |     2 |     4 ||     6
  Use: Scroll            |       |     3 |    12 |     5 ||    20
       Potion            |       |     1 |     1 |     2 ||     4
Armor: Scale mail        |    26 |       |       |       ||    26
       Chain mail        |    24 |    89 |   171 |       ||   284
       Plate armour      |       |       |    48 |    47 ||    95
Dodge: Dodged            |    38 |    39 |   129 |    31 ||   237
Block: Buckler           |    13 |    18 |    78 |    12 ||   121

Table legend: (Time is in decaauts)
 A = Elapsed time spent in this place.
 B = Non-inter-level travel time spent in this place.
 C = Inter-level travel time spent in this place.
 D = Time resting spent in this place.
 E = Time spent auto-exploring this place.
 F = Levels seen in this place.
 G = Mean time per level.
                   A        B        C        D        E       F      G
               +--------+--------+--------+--------+--------+-----+--------+
         Total |  14274 |  13515 |    759 |   4785 |   6042 |  13 | 1098.0 |
       Dungeon |  14126 |  13473 |    653 |   4785 |   6042 |  12 | 1177.2 |
        Temple |    148 |     42 |    106 |      0 |      0 |   1 |  148.0 |
               +--------+--------+--------+--------+--------+-----+--------+

Top non-repeatable levels by time:
    D:10: 3045 daAuts
     D:7: 1828 daAuts
     D:6: 1668 daAuts
     D:1: 1344 daAuts
     D:9: 1309 daAuts
     D:2: 1112 daAuts
     D:4: 925 daAuts
     D:5: 878 daAuts
     D:3: 730 daAuts
     D:8: 638 daAuts
    D:11: 594 daAuts
  Temple: 148 daAuts
    D:12: 49 daAuts
